 Dungeon Crawl Stone Soup version 0.21.0-3-g78d12a8 (webtiles) character file.

38 Vosmos the Magician (level 3, -4/19 HPs)
             Began as a Deep Elf Wizard on Jan 14, 2018.
             Slain by a worm (7 damage)
             ... on level 1 of the Dungeon.
             The game lasted 00:11:32 (1321 turns).

Vosmos the Magician (Deep Elf Wizard)               Turns: 1321, Time: 00:11:32

Health: -4/19      AC:  2    Str:  4    XL:     3   Next: 25%
Magic:  0/12       EV: 13    Int: 23    God:
Gold:   84         SH:  0    Dex: 13    Spells: 5/13 levels left

rFire    . . .     SeeInvis .   f - +0 halberd
rCold    . . .     Gourm    .   (shield currently unavailable)
rNeg     . . .     Faith    .   a - +0 robe
rPois    .         Spirit   .   b - +0 hat
rElec    .         Reflect  .   (no cloak)
rCorr    .         Harm     .   (no gloves)
MR       .....                  (no boots)
Stlth    ++........             (no amulet)
HPRegen  0.06/turn              (no ring)
MPRegen  0.13/turn              (no ring)

@: very slightly contaminated
A: no striking features
a: no special abilities


You were on level 1 of the Dungeon.
You were not hungry.

You visited 1 branch of the dungeon, and saw 2 of its levels.

You collected 84 gold pieces.

Inventory:

Hand Weapons
 e - a +0 short sword
 f - a +0 halberd (weapon)
Missiles
 k - 25 bolts (quivered)
Armour
 a - a +0 robe (worn)
 b - a +0 hat (worn)
Scrolls
 g - a scroll of remove curse {unknown}
 h - a scroll of magic mapping {unknown}
 j - a scroll of enchant weapon {unknown}
Books
 c - a book of Minor Magic

   Spells                             Type                      Level
   a - Magic Dart                     Conjuration                  1
   b - Blink                          Translocation                2
   c - Call Imp                       Summoning                    2
   d - Slow                           Hexes                        2
   e - Conjure Flame                  Conjuration/Fire             3
   f - Mephitic Cloud                 Conjuration/Poison/Air       3
Comestibles
 d - 3 rations
 i - a chunk of flesh


   Skills:
 + Level 0.1 Short Blades
 + Level 2.8 Dodging
 + Level 2.7 Stealth
 + Level 5.6 Spellcasting
 + Level 1.4 Conjurations
 + Level 1.1 Summonings
 + Level 1.1 Translocations


You had 5 spell levels left.
You knew the following spells:

 Your Spells              Type           Power        Failure   Level  Hunger
a - Magic Dart            Conj           ##..         4%          1    None
b - Blink                 Tloc           N/A          9%          2    None
c - Call Imp              Summ           ##......     9%          2    None
d - Mephitic Cloud        Conj/Pois/Air  #.......     22%         3    ##.....


Dungeon Overview and Level Annotations

Branches:
Dungeon (2/15)

Altars:


Message History

The worm is heavily wounded.
Casting: Magic Dart
Confirm with . or Enter, or press ? or * to list all spells.
Aiming: Magic Dart
Press: ? - help, Shift-Dir - straight line, f/p - worm
Aim: a worm (heavily wounded)
The magic dart hits the worm.
The worm is severely wounded.
There is a stone staircase leading up here.
You climb upwards.
There is a stone staircase leading down here.
Casting: Magic Dart
Confirm with . or Enter, or press ? or * to list all spells.
Aiming: Magic Dart
Press: ? - help, Shift-Dir - straight line, f - worm
Aim: a worm (heavily wounded)
The magic dart hits the worm.
The worm is severely wounded.
The worm bites you!
You die...

##############
#............#
#............#
#............#
#............#
#............#
#............############
#......w@................
#.............###########
#........................
#.............###########
#.............#
#.............#
#.............#
#............## #
#............# #


You could see a worm.

Vanquished Creatures
  A gnoll (D:1)
  2 oozes (D:1)
  A leopard gecko (D:2)
  4 goblins (D:1)
  3 hobgoblins (D:1)
  A kobold (D:1)
  3 bats (D:1)
  A frilled lizard (D:1)
  4 rats (D:1)
20 creatures vanquished.

Notes
Turn   | Place    | Note
-------+----------+-------------------------------------------
     0 | D:1      | Vosmos the Deep Elf Wizard began the quest for the Orb.
     0 | D:1      | Reached XP level 1. HP: 10/10 MP: 7/7
   133 | D:1      | Reached skill level 5 in Spellcasting
   133 | D:1      | Reached XP level 2. HP: 10/15 MP: 0/10
   302 | D:1      | Learned a level 2 spell: Blink
   640 | D:1      | Reached XP level 3. HP: 19/19 MP: 6/11
   810 | D:1      | Learned a level 2 spell: Call Imp
   814 | D:1      | Learned a level 3 spell: Mephitic Cloud
  1321 | D:1      | Slain by a worm

Skill      XL: |  1 |
---------------+----+-----
Spellcasting   | 5 |  5.6
Short Blades   | |  0.1
Dodging        | |  2.8
Stealth        | |  2.7
Conjurations   | |  1.4
Summonings     | |  1.1
Translocations | |  1.1

Action                   || total
-------------------------++-------
Melee: Short sword       ||     8
       Halberd           ||     3
 Cast: Magic Dart        ||    59
       Blink             ||     1
  Eat: Chunk             ||     1
Armor: Robe              ||     2
Dodge: Dodged            ||    13
